 Dungeon Crawl Stone Soup version 0.29-a0-1019-g84f7d21838 (webtiles) character file.

Game seed: 9935673301985490217

358 wingedge the Ducker (level 6, -1/29 (30) HPs)
             Began as a Spriggan Air Elementalist on Aug 10, 2022.
             Shot with a sling bullet by a wight (10 damage)
             ... on level 4 of the Dungeon.
             The game lasted 00:16:10 (4297 turns).

wingedge the Ducker (Spriggan Air Elementalist)     Turns: 4297, Time: 00:16:12

HP:   -1/29 (30)    AC:  2    Str: 10    XL:     6   Next: 37%
MP:   7/11          EV: 19    Int: 17    God:
Gold: 188           SH:  0    Dex: 17    Spells: 8/11 levels left

rFire   . . .      SeeInvis +   b - +0 sling
rCold   . . .      Faith    .   (no shield)
rNeg    . . .      Spirit   .   m - +0 robe
rPois   .          Reflect  .   (helmet restricted)
rElec   .          Harm     .   z - scarf {shadows}
rCorr   .          Rampage  .   (gloves unavailable)
Will    +....                   (boots unavailable)
Stlth   +++.......              (no amulet)
HPRegen 0.09/turn               j - +6 ring of strength
MPRegen 0.12/turn               B - +4 ring of slaying

@: lightly drained, very quick
A: very small, no large weapons, unfitting armour, see invisible, speed 3
a: no special abilities


You were on level 4 of the Dungeon.
You visited 1 branch of the dungeon, and saw 4 of its levels.

You collected 188 gold pieces.

Inventory:

Hand Weapons
 a - a +0 rapier
 b - a +0 sling (weapon)
 n - a +0 long sword
Missiles
 A - 2 boomerangs
Armour
 m - a +0 robe (worn)
 z - a scarf of shadows (worn)
Jewellery
 c - a ring of ice
 j - a +6 ring of strength (left hand)
 B - a +4 ring of slaying (right hand)
Wands
 x - a wand of charming (11)
 y - a wand of digging (4)
Scrolls
 d - 4 scrolls of identify {unknown}
 e - a scroll of magic mapping {unknown}
 l - a scroll of summoning {unknown}
 o - a scroll of teleportation {unknown}
 q - 3 scrolls of torment {unknown}
 v - 2 scrolls of vulnerability {unknown}
 w - a scroll of amnesia {unknown}
Potions
 f - a potion of mutation {unknown}
 g - 2 potions of curing {unknown}
 h - a potion of degeneration {unknown}
 i - a potion of flight {unknown}
 k - a potion of attraction {unknown}
 p - a potion of lignification {unknown}
 r - 2 potions of might {unknown}
 s - a potion of magic
 t - 3 potions of brilliance {unknown}
 u - 2 potions of heal wounds {unknown}


   Skills:
 - Level 2.0 Fighting
 - Level 5.0 Dodging
 - Level 4.0 Stealth
 - Level 3.0 Spellcasting
 - Level 1.0 Conjurations
 + Level 4.9 Air Magic


You had 8 spell levels left.
You knew the following spells:

 Your Spells              Type           Power      Damage    Failure   Level
a - Shock                 Conj/Air       48%        1d6       5%          1
b - Static Discharge      Conj/Air       12%        3-5/arc   8%          2

Your spell library contained the following spells:

 Spells                   Type           Power      Damage    Failure   Level
 Swiftness                Air            19%        N/A       7%          3
 Mephitic Cloud           Conj/Pois/Air  9%         N/A       24%         3
 Airstrike                Air            9%         2d(2-18)  24%         4
 Ignite Poison            Fire/Tmut/Pois 2%         N/A       45%         3
 Freezing Cloud           Conj/Ice/Air   4%         6-21      91%         5


Dungeon Overview and Level Annotations

Branches:
Dungeon (4/15)
 Temple: D:4-7

Altars:

Shops:
D:1 ?


Innate Abilities, Weirdness & Mutations

You are very small and have problems with some larger weapons.
You are too small for most types of armour.
You have supernaturally acute eyesight. (SInv)
You cover ground extremely quickly. (Speed+++)


Message History

Found a ring mail.
Found a stone staircase leading down.
B - a +4 ring of slaying
There are no items here.
B - a +4 ring of slaying (right hand)
A wight comes into view. It is wielding a +0 hand axe.
Fire: b) +0 sling
Press: ? - help, Q - select action, (/) - cycle Shift-Dir - straight line, f - wight
Aim: a wight, wielding a +0 hand axe and wearing a +0 robe (63% to hit)
You shoot a sling bullet. The sling bullet hits the wight.
The wight is lightly damaged.
Fire: b) +0 sling
Press: ? - help, Q - select action, (/) - cycle Shift-Dir - straight line, f/p - wight
Aim: a wight, wielding a +0 hand axe and wearing a +0 robe (lightly damaged, 63% to hit)
You shoot a sling bullet.
The sling bullet hits the wight but does no damage.
The wight is lightly damaged.
A wight comes into view. It is wielding a +0 battleaxe.
Casting: Static Discharge (safe; 8% risk of failure)
Confirm with . or Enter, or press ? or * to list all spells.
The wight is struck by an arc of lightning.
The wight is moderately damaged.
You are struck by an arc of lightning.
The wight is struck by an arc of lightning.
The wight is severely damaged.
The lightning grounds out.
The wight hits you with a +0 hand axe!
You feel drained.
Casting: Static Discharge (safe; 8% risk of failure)
Confirm with . or Enter, or press ? or * to list all spells.
The wight is struck by an arc of lightning.
The wight is almost destroyed.
You are struck by an arc of lightning.
The wight is struck by an arc of lightning!
You destroy the wight!
You are struck by an arc of lightning.
* * * LOW HITPOINT WARNING * * *
The lightning grounds out.
The wight unwields a +0 battleaxe.
The wight wields a +0 sling.
The wight shoots a sling bullet.
The sling bullet hits you!
You die...

#............#.....
######...)..........####
..[........#..#.....†..#
.............#..######..
............##.## ###
>...........## # ##
.............. .###.
......#..##... .....
......#@## ... .##..
#######.)..... #.#
#.##.... #.# #.# z.# # #
#.# .# #.> #.# # #.. #.#
... ..# . .


You could see a wight.

Vanquished Creatures
  A phantom (D:4)
  A wight (D:4)
  2 orc priests (D:4)
  Jessica (D:2)
  Natasha (D:2)
  An orc wizard (D:4)
  7 gnolls (D:2)
  An ufetubus (D:4)
  A dart slug (D:3)
  A worm (D:2)
  7 orcs
  3 ball pythons
  6 bats
  5 endoplasms
  4 giant cockroaches
  5 goblins
  6 hobgoblins
  6 quokkas
  A frilled lizard (D:1)
  4 kobolds
  3 rats (D:1)
67 creatures vanquished.

Notes
Turn   | Place    | Note
-------+----------+-------------------------------------------
     0 | D:1      | wingedge the Spriggan Air Elementalist began the quest for
                  | the Orb.
     0 | D:1      | Reached XP level 1. HP: 9/9 MP: 5/5
   367 | D:1      | Reached skill level 3 in Dodging
   534 | D:1      | Reached XP level 2. HP: 13/13 MP: 4/7
   772 | D:1      | Found Leprumiuco's Magic Scroll Emporium.
  1132 | D:1      | Reached skill level 1 in Fighting
  1202 | D:1      | Learned a level 2 spell: Static Discharge
  1499 | D:2      | Found a faded altar of an unknown god.
  1538 | D:2      | Reached skill level 1 in Conjurations
  1554 | D:2      | Noticed Jessica
  1560 | D:2      | Killed Jessica
  1561 | D:2      | Reached XP level 3. HP: 18/18 MP: 2/8
  1878 | D:2      | Reached XP level 4. HP: 22/22 MP: 4/9
  1973 | D:2      | Noticed Natasha
  1981 | D:2      | Killed Natasha
  2157 | D:2      | Reached skill level 4 in Dodging
  2287 | D:2      | Reached XP level 5. HP: 25/25 MP: 0/10
  3554 | D:4      | Reached skill level 5 in Dodging
  3579 | D:4      | Noticed a phantom
  3587 | D:4      | Killed a phantom
  3727 | D:4      | Reached XP level 6. HP: 26/30 MP: 0/11
  4297 | D:4      | Shot with a sling bullet by a wight

Illustrated notes

Levels and vault maps discovered:
D:1:      wander_arrival_peaceful_grave, layout_basic, serial_shops,
          nicolae_square_shop, minmay_misc_feat_tiny
D:2:      layout_basic, hellmonk_ecumenical_altar_leap_of_faith, uniq_jessica,
          uniq_natasha
D:3:      layout_rooms, patterned_corridor
D:4:      layout_rooms

Skill      XL: |  1  2  3  4  5 |
---------------+----------------+-----
Dodging        | 3 4 5 |  5.0
Spellcasting   | 3 |  3.0
Air Magic      | 3 4 |  4.9
Fighting       | 1 2 |  2.0
Conjurations   | 1 |  1.0
Stealth        | 4 |  4.0

Action                   |  1- 3 |  4- 6 || total
-------------------------+-------+-------++-------
Melee: Rapier            |     5 |     5 ||    10
       Punch             |     1 |       ||     1
 Fire: Sling             |       |     6 ||     6
 Cast: Shock             |    61 |   104 ||   165
       Static Discharge  |       |    21 ||    21
Armor: Robe              |     1 |       ||     1
Dodge: Dodged            |     3 |    19 ||    22

Table legend: (Time is in decaauts)
 A = Elapsed time spent in this place.
 B = Non-inter-level travel time spent in this place.
 C = Inter-level travel time spent in this place.
 D = Time resting spent in this place.
 E = Time spent auto-exploring this place.
 F = Levels seen in this place.
 G = Mean time per level.
                   A        B        C        D        E       F      G
               +--------+--------+--------+--------+--------+-----+--------+
         Total |   3351 |   3217 |    134 |   1427 |    950 |   4 |  837.8 |
       Dungeon |   3351 |   3217 |    134 |   1427 |    950 |   4 |  837.8 |
               +--------+--------+--------+--------+--------+-----+--------+

Top non-repeatable levels by time:
     D:2: 1272 daAuts
     D:1: 906 daAuts
     D:4: 641 daAuts
     D:3: 531 daAuts
